 Dungeon Crawl Stone Soup version 0.19-a0-854-gc78d25d (webtiles) character file.

100 sudo the Chopper (level 4, 0/43 HPs)
             Began as a Naga Monk on July 1, 2016.
             Slain by an adder (4 damage)
             ... on level 3 of the Dungeon.
             The game lasted 00:03:18 (2794 turns).

sudo the Chopper (Naga Monk)                        Turns: 2794, Time: 00:03:19

Health: 0/43       AC:  5    Str: 14    XL:     4   Next: 73%
Magic:  4/4        EV:  9    Int: 11    God:
Gold:   137        SH:  0    Dex: 13    Spells: 0 memorised, 3 levels left

rFire  . . .     SeeInvis +     a - +0 hand axe
rCold  . . .     Gourm    .     t - +0 ring mail
rNeg   . . .     Faith    .     (no shield)
rPois  +         Spirit   .     s - +1 helmet
rElec  .         Dismiss  .     (no cloak)
rCorr  .         Reflect  .     (no gloves)
SustAt .         Harm     .     (no barding)
MR     .....                    (no amulet)
Stlth  ++........               (no ring)
                                (no ring)

@: very slow, not resistant to hostile enchantments, unstealthy
A: see invisible, deformed body, poison resistance, slowness 2, slow metabolism
1, spit poison 2, AC +1
a: Spit Poison


You were on level 3 of the Dungeon.
You were hungry.

You visited 1 branch of the dungeon, and saw 3 of its levels.

You collected 137 gold pieces.

Inventory:

Hand Weapons
 a - a +0 hand axe (weapon)
Armour
 b - a +0 robe
 o - a +0 scale mail
 p - a +1 hat
 s - a +1 helmet (worn)
 t - a +0 ring mail (worn)
Wands
 r - a wand of polymorph (10/24)
Scrolls
 d - 3 scrolls of remove curse {unknown}
 e - a scroll of random uselessness {unknown}
 k - 3 scrolls of identify {unknown}
 l - 2 scrolls of enchant weapon {unknown}
 m - a scroll of enchant armour {unknown}
 u - a scroll of recharging {unknown}
Potions
 f - 2 potions of haste {unknown}
 g - a potion of curing
 i - a potion of heal wounds {unknown}
 q - a potion of flight {unknown}
Comestibles
 c - 3 bread rations
 h - a slice of pizza
 j - a meat ration
 n - 4 fruits


   Skills:
 + Level 3.6 Fighting
 * Level 3.8 Axes
 + Level 0.1 Armour
 + Level 3.4 Dodging
 - Level 3.0 Stealth


You had 3 spell levels left.
You didn't know any spells.

Dungeon Overview and Level Annotations

Branches:
Dungeon (3/15)

Altars:


Innate Abilities, Weirdness & Mutations

You cannot wear boots.
Your serpentine skin is tough. (AC +1)
You have supernaturally acute eyesight. (SInv)
Armour fits poorly on your strangely shaped body.
Your system is resistant to poisons. (rPois)
You cover ground very slowly.
You have a slow metabolism.
You can spit poison.


Message History

The adder is severely wounded.
The adder bites you.
* * * LOW HITPOINT WARNING * * *
The adder barely misses you.
You hit the adder.
The adder is severely wounded.
The adder bites you but does no damage.
You hit the adder.
The adder is almost dead.
The adder closely misses you. The adder bites you but does no damage.
Unknown command.
You miss the adder.
The adder is almost dead.
The adder bites you.
* * * LOW HITPOINT WARNING * * *
Unknown command.
You hit the adder.
The adder is almost dead.
The adder bites you.
You die...

.... ##.# #.... ....##
#.... ...... #.#.# .8...
#.#.# #...# ..
##.#.##...###.#
####..........#...#.
#...†.#.#...8...8...8.
#....@..#.....#...# ..
......S.###.##.###.###..
...%..... #.#...#...#...
###.....#.#...8...8...8.
#.##..#.#.............
#. #.................. .
...............)... #
#.##.####.##....... # #.
#.##.......


You could see an adder.

Vanquished Creatures
  2 adders
  An ooze (D:1)
  4 dart slugs
  A giant gecko (D:1)
  An orc (D:3)
  6 giant cockroaches
  9 goblins
  11 hobgoblins
  A jackal (D:2)
  6 kobolds
  A quokka (D:3)
  7 bats
  3 giant newts
  10 rats
63 creatures vanquished.

Vanquished Creatures (others)
  A plant (D:1)
1 creature vanquished.

Grand Total: 64 creatures vanquished

Notes
Turn   | Place    | Note
-------+----------+-------------------------------------------
     0 | D:1      | sudo the Naga Monk began the quest for the Orb.
     0 | D:1      | Reached XP level 1. HP: 21/21 MP: 1/1
    86 | D:1      | Reached XP level 2. HP: 22/28 MP: 2/2
   727 | D:1      | Reached XP level 3. HP: 24/34 MP: 3/3
  1586 | D:2      | Reached XP level 4. HP: 17/42 MP: 4/4
  2794 | D:3      | Slain by an adder

Vault maps used:
D:1:      saegor_arrival_simple_f, serial_forest, infiniplex_forest_join,
          infiniplex_forest_side_room, infiniplex_forest_lined_room_2,
          infiniplex_forest_straight_4, infiniplex_forest_straight_3,
          infiniplex_forest_lined_corner, infiniplex_forest_diagonal,
          infiniplex_forest_clump_cross, infiniplex_forest_lined_3_way,
          infiniplex_forest_end_2, minmay_vboxes
D:2:      st_stairs_14, minmay_pentomino_o4
D:3:      minmay_misc_feat_four_crosses, uniq_natasha

Skill      XL: |  1  2  3 |
---------------+----------+-----
Dodging        | 3 |  3.4
Fighting       | |  3.6
Axes           | |  3.8
Armour         | |  0.1
Stealth        | |  3.0

Action                   |  1- 3 |  4- 6 || total
-------------------------+-------+-------++-------
Melee: Hand axe          |   133 |   112 ||   245
 Abil: Spit Poison       |       |     1 ||     1
  Use: Potion            |       |     1 ||     1
 Stab: Sleeping          |     4 |     1 ||     5
  Eat: Chunk             |     1 |     3 ||     4
Armor: Robe              |    34 |     9 ||    43
       Ring mail         |       |    12 ||    12
       Scale mail        |       |    10 ||    10
Dodge: Dodged            |    97 |    72 ||   169
